 Dungeon Crawl Stone Soup version 0.31-a0-859-g9dce7d3444 (webtiles) character file.

Game seed: 3906952613868854527

3759 BinkBink the Cleaver (level 9, 0/81 HPs)
             Began as a Minotaur Monk on Oct 10, 2023.
             Was a Priest of Qazlal.
             Slain by a +0 spectral quarterstaff (12 damage)
             ... created by Joseph
             ... on level 7 of the Dungeon.
             The game lasted 00:12:19 (6865 turns).

BinkBink the Cleaver (Minotaur Monk)                Turns: 6865, Time: 00:12:19

Health: 0/81       AC:  3    Str: 20    XL:     9   Next: 94%
Magic:  8/8        EV: 34    Int:  7    God:    Qazlal [***...]
Gold:   468        SH:  4    Dex: 13    Spells: 8/8 levels left

rFire   . . .        a - +0 hand axe
rCold   . . .        d - orb {light}
rNeg    . . .        B - +0 troll leather armour
rPois   +            (helmet currently unavailable)
rElec   .            D - melded +0 cloak
rCorr   .            (gloves currently unavailable)
SInv    .            (boots currently unavailable)
Will    .....        t - amulet of the acrobat
Stlth   +            q - +5 ring of evasion
HPRegen 1.13/turn    m - ring of poison resistance
MPRegen 0.11/turn

%: acrobat
@: beast-form, acrobatic, glowing
A: beast (slay +0), horns 2, retaliatory headbutt
a: Begin Untransformation, Renounce Religion, Upheaval, Elemental Force


You were on level 7 of the Dungeon.
You worshipped Qazlal.
Qazlal was most pleased with you.
You were a hulking beast.
You visited 1 branch of the dungeon, and saw 7 of its levels.

You collected 468 gold pieces.

Inventory:

Hand Weapons
 a - a +0 hand axe (weapon)
 y - a +0 sling
Armour
 d - an orb of light (worn)
 B - a +0 troll leather armour (worn)
 D - a +0 cloak (melded)
Jewellery
 j - a ring of wizardry
 m - a ring of poison resistance (right hand)
 o - a ring of protection from fire
 q - a +5 ring of evasion (left hand)
 t - an amulet of the acrobat (around neck)
Talismans
 r - a beast talisman (active)
Wands
 z - a wand of flame (21)
 C - a wand of digging (5)
 E - a wand of polymorph (7)
 F - a wand of charming (8)
Scrolls
 b - 3 scrolls of identify {unknown}
 e - 3 scrolls of teleportation {unknown}
 g - 2 scrolls of revelation {unknown}
 i - 2 scrolls of silence {unknown}
 k - 2 scrolls of fear {unknown}
 l - a scroll of vulnerability {unknown}
 v - a scroll of blinking {unknown}
 x - a scroll of fog {unknown}
 A - a scroll of brand weapon {unknown}
Potions
 c - a potion of ambrosia
 f - a potion of might {unknown}
 h - a potion of brilliance {unknown}
 n - 2 potions of curing
 p - a potion of resistance {unknown}
 s - 2 potions of mutation {unknown}
 u - a potion of enlightenment {unknown}
 w - a potion of invisibility {unknown}


   Skills:
 + Level 8.1 Fighting
 * Level 10.9 Axes
 + Level 5.5 Ranged Weapons
 + Level 6.3 Armour
 + Level 7.3 Dodging


You had 8 spell levels left.
You didn't know any spells.
Your spell library contained the following spells:

 Spells                   Type           Power      Damage    Failure   Level
 Call Canine Familiar     Summ           0%         N/A       85%         3
 Ignite Poison            Fire/Tmut/Pois 0%         N/A       85%         3
 Ozocubu's Armour         Ice            0%         N/A       85%         3
 Sigil of Binding         Hex            0%         N/A       85%         3
 Dimensional Bullseye     Hex/Tloc       0%         N/A       99%         4
 Leda's Liquefaction      Hex/Erth       0%         N/A       99%         4
 Sticky Flame             Conj/Fire      0%         2d3       99%         4
 Metabolic Englaciation   Hex/Ice        0%         N/A       100%        5
 Simulacrum               Ice/Necr       0%         N/A       100%        6
 Ignition                 Fire           0%         3d3       100%        8
 Chain Lightning          Conj/Air       0%         N/A       100%        9
 Fire Storm               Conj/Fire      0%         5d1       100%        9
 Shatter                  Erth           0%         3d5*      100%        9


Dungeon Overview and Level Annotations

Branches:
Dungeon (7/15)             Temple (0/1) D:5

Altars:
Ashenzari
Elyvilon
Fedhas
Hepliaklqana
Kikubaaqudgha
Makhleb
Okawaru
Qazlal
Zin

Shops:
D:1 [   D:3 *

Annotations:
D:3 2 transporters, BinkBink's ghost, amateur MiFi
D:5 2 runed translucent doors
D:7 Joseph


Innate Abilities, Weirdness & Mutations

You are a hulking beast.
Your limbs bulge with bestial killing power. (Slay +0)
You have a pair of horns on your head.
You reflexively headbutt those who attack you in melee.


Message History

Joseph is heavily wounded.
You closely miss the +0 spectral quarterstaff.
The +0 spectral quarterstaff hits you! You block Joseph's attack.
The +0 spectral quarterstaff closely misses you.
You furiously retaliate!
You headbutt the +0 spectral quarterstaff!
Joseph shares his spectral weapon's damage!
The +0 spectral quarterstaff misses you.
You barely miss Joseph.
Joseph is heavily wounded.
You hit the +0 spectral quarterstaff but do no damage.
The +0 spectral quarterstaff hits you!
The +0 spectral quarterstaff completely misses you.
You block Joseph's attack.
The +0 spectral quarterstaff misses you.
You hit Joseph but do no damage. You headbutt Joseph, but do no damage.
Joseph is heavily wounded.
You hit the +0 spectral quarterstaff but do no damage.
The +0 spectral quarterstaff hits you! x2
The +0 spectral quarterstaff closely misses you.
Joseph barely misses you. The +0 spectral quarterstaff hits you!
Unknown command.
You hit Joseph. You headbutt Joseph.
Joseph is heavily wounded.
You hit the +0 spectral quarterstaff but do no damage.
The +0 spectral quarterstaff hits you. x2
Unknown command.
It was a potion of curing.
You feel better. The +0 spectral quarterstaff hits you!
* * * LOW HITPOINT WARNING * * *
The +0 spectral quarterstaff hits you.
* * * LOW HITPOINT WARNING * * *
Joseph hits you with a +0 spectral quarterstaff.
* * * LOW HITPOINT WARNING * * *
You block the +0 spectral quarterstaff's attack.
The +0 spectral quarterstaff hits you!
* * * LOW HITPOINT WARNING * * *
Okay, then.
The +0 spectral quarterstaff hits you!
You die...

........<....#..@.....# #.
.##########..#.#......# #. .#
#..#.#......# #. .######
#...........# #. ......##
#...........# #. ####...##
#.##.#.....## #.
###.....###.##.###.#############.
............##@###.####..........
###)....######.(h.....#.########.
##...#.......°°..##.#.# #.
##.##.############.#.# #. #.##.#
#.#.# ######. #.##.#
#####.#.###...... #.##.#
#...........####. ####.##.#
#.###.#.########. #....##.# #.#
#.#.......... #.#####.# #.#
#.##########.


You could see Joseph and a +0 spectral quarterstaff.

Vanquished Creatures
  A two-headed ogre (D:7)
  Pikel (D:5)
  A troll (D:5)
  Grinder (D:5)
  Sigmund (D:5)
  Eustachio (D:5)
  A steam dragon (D:6)
  Menkaure (D:5)
  2 water moccasins
  4 ice beasts
  2 ogres (D:5)
  A centaur (D:6)
  4 lemures (D:5)
  A phantom (D:3)
  A bullfrog (D:6)
  5 scorpions
  A howler monkey (D:5)
  4 hounds
  An orc priest (D:4)
  2 jellies
  3 iguanas
  Ijyb (D:5)
  An orc wizard (D:4)
  5 adders
  A shadow imp (D:7)
  2 white imps
  An ufetubus (D:5)
  A worm (D:2)
  5 dart slugs
  13 orcs
  4 endoplasms
  2 giant cockroaches
  6 goblins
  6 hobgoblins
  3 jackals (D:5)
  6 kobolds
  9 quokkas
  5 ball pythons
  6 bats
  3 frilled lizards
  3 rats
122 creatures vanquished.

Notes
Turn   | Place    | Note
-------+----------+-------------------------------------------
     0 | D:1      | BinkBink the Minotaur Monk began the quest for the Orb.
     0 | D:1      | Reached XP level 1. HP: 19/19 MP: 0/0
   256 | D:1      | Reached skill level 4 in Axes
   285 | D:1      | Reached XP level 2. HP: 27/27 MP: 1/1
   376 | D:1      | Found a transporter.
   382 | D:1      | Found Nooq's Antique Armour Shoppe.
   786 | D:1      | Found a transporter.
  1785 | D:2      | Reached XP level 3. HP: 28/33 MP: 2/2
  2342 | D:3      | Noticed a phantom
  2474 | D:3      | Killed a phantom
  2475 | D:3      | Reached skill level 5 in Axes
  2475 | D:3      | Reached XP level 4. HP: 34/41 MP: 3/3
  2606 | D:3      | Found a transporter.
  2669 | D:3      | Reached XP level 5. HP: 33/47 MP: 4/4
  2863 | D:3      | Noticed an ogre
  2863 | D:3      | Noticed an ogre
  2864 | D:3      | Found a transporter.
  2864 | D:3      | Noticed BinkBink's ghost (amateur MiFi)
  2865 | D:3      | Noticed an ogre
  3174 | D:3      | Found Zin's Purification Station.
  3176 | D:3      | Found a glowing silver altar of Zin.
  3382 | D:4      | Found a burning altar of Makhleb.
  3515 | D:4      | Reached skill level 1 in Armour
  3519 | D:4      | Reached skill level 5 in Fighting
  3519 | D:4      | Reached skill level 6 in Axes
  3528 | D:4      | Found a stormy altar of Qazlal.
  3590 | D:4      | Became a worshipper of Qazlal Stormbringer
  3590 | D:4      | Reached * piety under Qazlal
  3590 | D:4      | Reached ** piety under Qazlal
  3905 | D:4      | Identified the +1 robe of Gallantry {rF+ rN+}
  4039 | D:5      | Entered Level 5 of the Dungeon
  4039 | D:5      | Noticed Pikel
  4039 | D:5      | Noticed a lemure
  4039 | D:5      | Noticed a lemure
  4039 | D:5      | Noticed a lemure
  4039 | D:5      | Noticed a lemure
  4039 | D:5      | Found a hazy altar of Hepliaklqana.
  4141 | D:5      | Reached XP level 6. HP: 46/56 MP: 5/5
  4175 | D:5      | Noticed an ice beast
  4455 | D:5      | Found a staircase to the Ecumenical Temple.
  4603 | D:5      | Found an iron altar of Okawaru.
  4620 | D:5      | Killed Pikel
  4621 | D:5      | Reached skill level 7 in Axes
  4621 | D:5      | Reached skill level 5 in Dodging
  4621 | D:5      | Reached XP level 7. HP: 10/62 MP: 6/6
  4860 | D:5      | Noticed Grinder
  4884 | D:5      | Paralysed by Grinder for 3 turns
  4918 | D:5      | Paralysed by Grinder for 2 turns
  4937 | D:5      | Killed Grinder
  5088 | D:5      | Reached skill level 8 in Axes
  5088 | D:5      | Reached XP level 8. HP: 70/70 MP: 7/7
  5104 | D:5      | Found a runed translucent door.
  5106 | D:5      | Found a runed translucent door.
  5289 | D:5      | Noticed Sigmund
  5300 | D:5      | Killed Sigmund
  5341 | D:5      | Noticed Menkaure
  5352 | D:5      | Killed Menkaure
  5367 | D:5      | Found a broken altar of Ashenzari.
  5371 | D:5      | Saw a vision of the Shoals and the Snake Pit.
  5371 | D:5      | Noticed a salamander
  5371 | D:5      | Noticed a snapping turtle
  5371 | D:5      | Noticed a harpy
  5371 | D:5      | Noticed a sea snake
  5371 | D:5      | Noticed a merfolk siren
  5371 | D:5      | Noticed a sea snake
  5371 | D:5      | Noticed a sea snake
  5373 | D:5      | Noticed a shock serpent
  5413 | D:5      | Reached skill level 9 in Axes
  5418 | D:5      | Noticed a troll
  5561 | D:5      | Noticed Ijyb
  5564 | D:5      | Killed Ijyb
  5600 | D:5      | Noticed Eustachio
  5605 | D:5      | Killed Eustachio
  5630 | D:5      | Found an ancient bone altar of Kikubaaqudgha.
  5771 | D:5      | Found a blossoming altar of Fedhas.
  5836 | D:5      | Killed a troll
  5837 | D:5      | Reached skill level 5 in Armour
  5837 | D:5      | Reached XP level 9. HP: 42/79 MP: 8/8
  6107 | D:6      | Reached skill level 10 in Axes
  6187 | D:6      | Reached *** piety under Qazlal
  6235 | D:6      | Reached skill level 5 in Ranged Weapons
  6388 | D:6      | Found a white marble altar of Elyvilon.
  6490 | D:7      | Noticed a two-headed ogre
  6499 | D:7      | Killed a two-headed ogre
  6621 | D:7      | Noticed Joseph
  6865 | D:7      | Slain by a +0 spectral quarterstaff

Illustrated notes

Levels and vault maps discovered:
D:1:      dpeg_arrival_line_fractal, layout_loops_corners, serial_shops,
          nicolae_shop_drivethru
D:2:      minmay_razor_zed, layout_basic
D:3:      layout_basic, zin_purify, gammafunk_ghost_smash,
          dreamdust_princess_bridge
D:4:      layout_loops_ring, old_standard_altar, mainiacjoe_overflow_catwalk
D:5:      lemuel_insect_pit, layout_basic, lemuel_crystal_altar, fedhas_altar_4,
          grunt_ashenzari_visionary [grunt_ashenzari_visionary_shoals,
          grunt_ashenzari_visionary_snake], okawaru_metal_pillars_3,
          minmay_temple_entry_statues_pillars, minmay_ruined_shrine,
          uniq_eustachio, uniq_menkaure, uniq_sigmund, uniq_pikel, uniq_grinder,
          uniq_ijyb
D:6:      layout_cave_pools, elyvilon_altar_5
D:7:      layout_loops_ring, minmay_misc_feat_four_crosses, uniq_joseph

Skill      XL: |  1  2  3  4  5  6  7  8  9 |
---------------+----------------------------+-----
Axes           | 4 5 6 7 8 9 10 | 10.9
Fighting       | 4 5 6 7 8 |  8.1
Dodging        | 4 5 6 7 |  7.3
Armour         | 1 3 5 6 |  6.3
Ranged Weapons | 2 4 5 |  5.5

Action                     |  1- 3 |  4- 6 |  7- 9 || total
---------------------------+-------+-------+-------++-------
  Melee: Hand axe          |    71 |   115 |   193 ||   379
         Headbutt          |    14 |    22 |    58 ||    94
    Use: Potion            |       |       |     1 ||     1
 Armour: Robe              |    26 |       |       ||    26
         Leather armour    |     3 |    43 |    36 ||    82
         Troll leather arm |       |       |    30 ||    30
  Dodge: Dodged            |    47 |    85 |   145 ||   277
  Block: Orb               |       |     7 |    17 ||    24
   Form: Beast             |       |       |     1 ||     1

Table legend: (Time is in decaauts)
 A = Elapsed time spent in this place.
 B = Non-inter-level travel time spent in this place.
 C = Inter-level travel time spent in this place.
 D = Time resting spent in this place.
 E = Time spent auto-exploring this place.
 F = Levels seen in this place.
 G = Mean time per level.
                   A        B        C        D        E       F      G
               +--------+--------+--------+--------+--------+-----+--------+
         Total |   6845 |   6066 |    779 |    170 |   4857 |   7 |  977.9 |
       Dungeon |   6845 |   6066 |    779 |    170 |   4857 |   7 |  977.9 |
               +--------+--------+--------+--------+--------+-----+--------+

Top non-repeatable levels by time:
     D:5: 1507 daAuts
     D:2: 1458 daAuts
     D:1: 1066 daAuts
     D:3: 977 daAuts
     D:4: 967 daAuts
     D:6: 486 daAuts
     D:7: 380 daAuts
